Map: 네온 바이올렛 스퀘어 - 래더

Players

Gentleprobe (Cyan)

  • Race: Protoss Protoss
  • League: Master
  • Spawn Location: 5:00

herO - Winner!

  • Race: Protoss Protoss
  • Spawn Location: 11:00

Event: 2018 Hangzhou StarCraft Carnival

VOD

Have the link to the VOD?

Description

Time

  • Played on: April 29, 2018, 3:16 a.m.
  • Length: 12:21

All games in this series

Show
View Real Time Build Order
Export as new Build Order

Gentleprobe Protoss 

Build Orders: Archon Immortal, Dark Templar Rush 

Get SALT Encoding   

  12  0:01  Probe  
  13  0:13  Probe  
  14  0:18  Pylon  
  14  0:25  Probe  
  15  0:33  Probe  
  15  0:37  Gateway  
  15  0:41  Probe  
  16  0:47  Assimilator  
  17  0:51  Probe  
  17  0:56  Assimilator  
  18  0:59  Probe  
  19  1:07  Probe  
  20  1:13  Gateway  
  20  1:18  Probe  
  20  1:25  Cybernetics Core  
  21  1:30  Probe  
  22  1:36  Pylon  
  22  1:42  Warp Gate, Probe  
  23  1:54  Probe  
  23  2:01  Stalker x2  
  28  2:13  Pylon  
  28  2:25  Twilight Council  
  28  2:31  Adept  
  28  2:35  Adept  
  32  3:02  Dark Shrine  
  32  3:09  Nexus  
  32  3:12  Probe  
  32  3:23  Shield Battery  
  32  3:24  Probe  
  33  3:36  Probe  
  33  3:40  Pylon  
  34  3:48  Probe  
  35  3:54  Stalker x2  
  39  4:02  Probe  
  40  4:14  Probe  
  41  4:19  Dark Templar x2  
  41  4:21  Blink  
  41  4:22  Probe  
  46  4:26  Pylon  
  42  4:41  Probe x2  
  44  4:53  Probe  
  44  4:54  Probe  
  44  4:58  Stalker x2  
  50  5:05  Probe  
  50  5:06  Probe  
  52  5:17  Probe  
  52  5:19  Robotics Facility  
  51  5:23  Probe  
  51  5:26  Probe  
  52  5:31  Stalker x2, Probe  
  52  5:34  Probe  
  55  5:40  Pylon, Probe  
  57  5:44  Forge  
  57  5:46  Probe  
  59  5:50  Shield Battery  
  59  5:52  Probe  
  59  5:55  Sentry x2  
  64  5:58  Probe  
  65  6:05  Assimilator  
  65  6:06  Probe  
  65  6:10  Immortal  
  64  6:22  Stalker  
  65  6:29  Protoss Ground Weapons Level 1  
  65  6:30  Stalker  
  67  6:34  Probe  
  67  6:35  Nexus  
  68  6:40  Probe  
  68  6:46  Probe  
  70  6:53  Pylon  
  70  6:56  Charge  
  70  7:00  Pylon  
  70  7:08  Pylon  
  70  7:10  Gateway x2  
  70  7:11  Observer, Probe x2  
  70  7:15  Gateway  
  73  7:23  Gateway, Probe x2  
  73  7:26  Pylon  
  75  7:35  Probe  
  75  7:36  Immortal  
  81  7:37  Probe  
  81  7:48  Assimilator  
  81  7:49  Protoss Ground Weapons Level 2  
  81  7:50  Templar Archives  
  82  7:52  Gateway  
  82  7:55  Gateway  
  81  8:00  Assimilator  
  81  8:04  Assimilator  
  81  8:07  Pylon  
  81  8:08  Probe  
  82  8:15  Immortal  
  86  8:20  Zealot x2, Sentry  
  92  8:31  Pylon  
  92  8:39  Nexus  
  92  8:46  Pylon  
  92  8:49  Pylon  
  92  8:52  Nexus  
  92  8:57  Gateway x2  
  92  9:01  High Templar x2, Immortal  
  94  9:07  Pylon, Archon  
  94  9:13  High Templar, Pylon  
  94  9:14  High Templar  
  102  9:18  Archon  
  102  9:20  Protoss Ground Weapons Level 3, Shield Battery  
  102  9:22  Shield Battery  
  102  9:29  Probe x2  
  102  9:30  High Templar, Probe  
  102  9:31  High Templar  
  108  9:35  Archon  
  108  9:36  Warp Prism  
  108  9:38  Pylon  
  110  9:47  High Templar x2  
  110  9:50  Pylon  
  114  9:53  Photon Cannon  
  114  9:54  Archon  
  114  9:56  Zealot  
  114  9:58  Zealot  
  118  10:09  Zealot, Observer  
  118  10:11  Zealot  
  118  10:13  Probe  
  124  10:21  Probe x3  
  127  10:34  Immortal  
  131  10:38  Probe x2  
  131  10:39  Probe x2  
  131  10:40  Assimilator x2  
  133  10:50  Shield Battery  
  133  10:54  Pylon  
  133  10:56  High Templar x2, Probe x3  
  133  10:57  High Templar x3  
  142  11:02  Gateway, Archon  
  142  11:03  High Templar  
  142  11:04  Gateway  
  148  11:05  Pylon  
  148  11:08  Pylon  
  148  11:10  Archon  
  148  11:11  Archon  
  148  11:16  Immortal  
  150  11:18  Zealot x2  
  150  11:19  Zealot  
  156  11:26  Zealot  
  156  11:28  Photon Cannon  
  156  11:31  Photon Cannon  
  156  11:32  High Templar x2  
  162  11:35  Photon Cannon  
  162  11:36  Archon  
  160  11:43  High Templar  
  160  11:44  High Templar, Zealot x2  
  168  11:52  Zealot, Archon  
  168  11:53  Zealot x3  
  138  12:05  Zealot x4  
  108  12:09  Zealot x2  
  108  12:14  Zealot x2  
  88  12:16  Zealot  
Show
View Real Time Build Order
Export as new Build Order

herO Protoss - Winner!

Build Orders: Oracle Opening, Archon Immortal, Blink Stalkers 

Get SALT Encoding   

  12  0:00  Probe  
  13  0:13  Probe  
  14  0:18  Pylon  
  14  0:24  Probe  
  15  0:32  Probe  
  15  0:37  Gateway  
  15  0:40  Probe  
  16  0:46  Assimilator  
  17  0:50  Probe  
  17  0:55  Assimilator  
  18  0:58  Probe  
  19  1:07  Probe  
  19  1:09  Gateway  
  20  1:18  Probe  
  20  1:24  Cybernetics Core  
  21  1:30  Probe  
  22  1:36  Pylon  
  22  1:42  Probe  
  23  1:51  Warp Gate  
  23  1:54  Probe  
  24  2:02  Stalker, Sentry  
  28  2:13  Pylon  
  30  2:36  Nexus  
  28  2:38  Sentry  
  28  2:39  Sentry  
  33  2:47  Shield Battery  
  33  2:55  Oracle  
  32  3:04  Stalker  
  32  3:05  Stalker  
  35  3:15  Twilight Council  
  35  3:19  Pylon  
  35  3:22  Probe  
  36  3:34  Probe  
  37  3:35  Blink  
  37  3:41  Shield Battery  
  37  3:46  Probe  
  38  3:52  Probe  
  39  4:02  Probe  
  40  4:04  Probe  
  40  4:09  Robotics Facility  
  41  4:16  Zealot x2  
  45  4:21  Pylon, Probe  
  45  4:23  Probe  
  47  4:35  Probe  
  47  4:36  Probe  
  49  4:42  Stalker  
  49  4:44  Stalker  
  53  4:49  Observer  
  53  4:51  Probe x2  
  55  4:58  Pylon  
  56  5:03  Probe x2  
  56  5:06  Observer  
  59  5:19  Probe x2  
  54  5:30  Observer  
  54  5:35  Stalker x2  
  54  5:36  Phoenix  
  54  5:38  Probe x2  
  60  5:50  Probe x2  
  62  5:59  Nexus  
  62  6:04  Probe x2  
  62  6:13  Pylon  
  62  6:14  Probe x2  
  64  6:22  Probe x2  
  64  6:25  Assimilator x2  
  64  6:26  Immortal  
  64  6:29  Pylon  
  64  6:30  Probe x2  
  70  6:42  Probe  
  71  6:50  Stalker, Shield Battery  
  71  6:52  Shield Battery, Sentry  
  75  6:55  Probe x2  
  75  6:59  Immortal  
  81  7:11  Charge  
  81  7:13  Probe  
  81  7:14  Forge, Probe  
  83  7:16  Probe  
  84  7:24  Probe  
  84  7:27  Assimilator, Probe x2  
  84  7:29  Assimilator, Warp Prism  
  87  7:32  Probe  
  87  7:33  Protoss Ground Weapons Level 1  
  87  7:36  Templar Archives  
  88  7:39  Probe  
  91  7:45  Probe x2  
  91  7:51  Probe  
  94  7:52  Pylon  
  94  7:56  Gateway  
  93  8:05  Gateway  
  93  8:08  Gateway  
  93  8:10  Gateway  
  93  8:14  Immortal  
  93  8:16  High Templar x2  
  93  8:19  Gateway  
  97  8:21  Archon  
  97  8:24  Gateway  
  101  8:28  Pylon  
  101  8:41  Pylon  
  101  8:50  Observer, Immortal  
  101  8:53  Nexus  
  105  8:56  Pylon  
  105  9:00  High Templar x4  
  111  9:04  Archon x2  
  111  9:05  Zealot  
  111  9:06  Zealot  
  111  9:07  Protoss Ground Weapons Level 2  
  111  9:09  Phoenix  
  115  9:14  Probe x3  
  118  9:18  High Templar, Assimilator  
  118  9:22  Assimilator  
  118  9:23  Observer  
  120  9:26  Probe  
  120  9:28  High Templar  
  123  9:31  High Templar x2  
  123  9:32  Archon  
  123  9:34  Photon Cannon  
  123  9:36  Archon  
  127  9:40  Photon Cannon  
  127  9:50  Zealot x3  
  133  9:55  Pylon  
  133  9:56  Pylon  
  133  9:58  Immortal  
  133  10:05  Pylon  
  137  10:14  High Templar  
  137  10:15  High Templar  
  137  10:19  Archon  
  141  10:21  High Templar  
  141  10:22  High Templar, Gateway, Zealot  
  141  10:25  Gateway  
  141  10:26  Archon  
  145  10:31  Immortal  
  145  10:35  Shield Battery  
  145  10:36  Shield Battery  
  145  10:37  High Templar, Shield Battery  
  145  10:38  High Templar  
  153  10:43  Archon  
  153  10:55  High Templar x2, Zealot x2, Observer  
  153  10:56  Zealot  
  163  10:59  Pylon  
  163  11:00  Pylon, Archon  
  163  11:01  Immortal  
  163  11:02  Pylon  
  163  11:06  Pylon  
  167  11:25  High Templar x4  
  171  11:26  Zealot x3, Pylon  
  171  11:29  Archon  
  171  11:30  Archon  
  171  11:31  Zealot x2  
  185  11:34  Observer  
  186  11:53  Zealot x6  
  178  11:59  Zealot  
  161  12:08  Zealot x3  
  135  12:18  Zealot x4  
Tags
 
Add a new tag
Caveats
  • Supply blocks, unpowered buildings, or Contaminate may cause inaccurate times.
  • Supply counts are checked every 10 seconds.